 Dungeon Crawl Stone Soup version 0.32-a0-859-gb0a091d (webtiles) character file.

Game seed: 1877421412309969218

161158 ooops the Fencer (level 17, 0/324 (328) HPs)
             Began as a Coglin Gladiator on Mar 27, 2024.
             Was the Champion of Wu Jian.
             Succumbed to a +4 halberd of venom's poison
             ... on level 1 of the Elven Halls.
             The game lasted 02:01:43 (25609 turns).

ooops the Fencer (Coglin Gladiator)                Turns: 25609, Time: 02:01:44

HP:   0/324 (328)   AC: 35    Str: 14    XL:     17   Next: 48%
MP:   17/17         EV:  2    Int:  9    God:    Wu Jian [******]
Gold: 54            SH:  0    Dex: 21    Spells: 16/16 levels left

rFire   + . .        E - +9 sword of Zonguldrok {reap}
rCold   + . .        f - +10 rapier of Ambiguity {protect, rN+ Will+ Stlth+}
rNeg    + . .        K - melded +8 fire dragon scales of Modesty {rF++ rC- rN+ Stlth+}
rPois   +            O - melded +2 helmet {Int+3}
rElec   .            x - melded +2 cloak
rCorr   .            i - melded +2 pair of gloves
SInv    .            r - melded +2 pair of boots
Will    ++...        (no amulet) Stlth
                     (no ring)
HPRegen 0.74/turn    (no ring)
MPRegen 0.15/turn    P - actuated whirligig {Rampage Acrobat rF+ rC+}

%: acrobat, rampage
@: berserking (expiring), lethally poisoned (0 -> -2), tree-form, under a
protective aura, acrobatic, studying Dodging, lightly drained, revving, very
quick
A: stationary, stasis, torment immunity, boosted hp, off-hand wielding, slow
wielding, warmup strikes, (no jewellery), passive freeze, weak 1, wild magic 1
}: 1/15 runes: decaying
a: Renounce Religion, Wall Jump, Serpent's Lash, Heavenly Storm


You were on level 1 of the Elven Halls.
You worshipped Wu Jian.
Wu Jian was exalted by your worship.
You were a tree.
You visited 5 branches of the dungeon, and saw 23 of its levels.
You also visited: Ossuary and Gauntlet.

You collected 3534 gold pieces.
You spent 3480 gold pieces at shops.

Inventory:

Hand Weapons
 f - the +10 rapier of Ambiguity (offhand) {protect, rN+ Will+ Stlth+}
   (You took it off a minotaur in a Gauntlet)

   rN+:       It protects you from negative energy.
   Will+:     It increases your willpower.
   Stlth+:    It makes you more stealthy.
 B - a +2 shortbow of freezing
 C - a +3 orcbow of flaming
 E - the +9 sword of Zonguldrok (weapon) {reap}
   (You found it on level 4 of the Dungeon)
 M - a +2 falchion of holy wrath
 Q - a +4 dagger of chaos {Jihoo}
Missiles
 d - 2 throwing nets (quivered)
 e - 5 javelins
 m - 18 datura-tipped darts
 v - 5 atropa-tipped darts
 D - 22 boomerangs
 J - 35 poisoned darts
Armour
 a - the -1 cloak of Somewhere Else {Str-4 Dex+5 Stlth+}
   (You found it in a Gauntlet)

   Str-4:     It affects your strength (-4).
   Dex+5:     It affects your dexterity (+5).
   Stlth+:    It makes you more stealthy.
 b - a +0 buckler of protection
 c - a +3 ring mail of poison resistance
 i - a +2 pair of gloves (melded)
 r - a +2 pair of boots (melded)
 x - a +2 cloak (melded)
 H - the +0 chain mail "Qabiluri" {^Drain Will++ Str+2 Int+3}
   (You bought it in a shop on level 5 of the Dungeon)

   Str+2:     It affects your strength (+2).
   Int+3:     It affects your intelligence (+3).
   Will++:    It greatly increases your willpower.
   ^Drain:    It drains your maximum health when unequipped.
 K - the +8 fire dragon scales of Modesty (melded) {rF++ rC- rN+ Stlth+}
   (You bought it in a shop on level 5 of the Dungeon)

   rF++:      It greatly protects you from fire.
   rC-:       It makes you vulnerable to cold.
   rN+:       It protects you from negative energy.
   Stlth+:    It makes you more stealthy.
 O - a +2 helmet of intelligence (melded)
 U - a +2 kite shield of protection
Gizmo
 P - an actuated whirligig (installed) {Rampage Acrobat rF+ rC+}
   (You invented it yourself on level 3 of the Lair of Beasts)

   [actuated whirligig]

   rF+:       It protects you from fire.
   rC+:       It protects you from cold.
   Rampage:   It bestows one free step when moving towards enemies.
   Acrobat:   It increases your evasion after moving or waiting.
Talismans
 W - the serpent talisman "Nuriuwuze" {rElec Str+4}
   (You took it off Aizul on level 2 of the Swamp)

   [serpent talisman]

   Str+4:     It affects your strength (+4).
   rElec:     It insulates you from electricity.
Wands
 I - a wand of mindburst (27)
 L - a wand of flame (42)
 N - a wand of charming (23)
Scrolls
 g - 7 scrolls of fear
 k - a scroll of enchant armour
 p - 3 scrolls of teleportation
 s - 2 scrolls of silence
 y - a scroll of immolation
 A - 3 scrolls of blinking
 F - 4 scrolls of fog
 X - 2 scrolls of poison
Potions
 j - 2 potions of cancellation
 l - 5 potions of brilliance
 o - 3 potions of mutation
 t - 3 potions of magic
 w - 4 potions of enlightenment
 z - a potion of berserk rage
 G - 4 potions of invisibility
 R - 5 potions of might
 S - 2 potions of ambrosia
 T - 4 potions of lignification
 V - a potion of haste
Miscellaneous
 h - a phantom mirror
 n - a phial of floods
 u - a condenser vane
 Y - a box of beasts
 Z - a lightning rod (4/4)


   Skills:
 + Level 16.9 Fighting
 - Level 11.2(14.9) Short Blades
 - Level 17.0(18.5) Long Blades
 + Level 2.1 Throwing
 + Level 12.5 Armour
 + Level 8.0 Dodging
 + Level 6.3 Stealth
 + Level 0.2 Evocations


You had 16 spell levels left.
You didn't know any spells.
Your spell library contained the following spells:

 Spells                   Type           Power      Damage    Failure   Level
 Apportation              Tloc           0%         N/A       47%         1
 Freeze                   Ice            0%         1d3       47%         1
 Necrotise                Necr           0%         1d4       47%         1
 Slow                     Hex            0%         N/A       47%         1
 Sting                    Conj/Alch      0%         1d3       47%         1
 Summon Small Mammal      Summ           0%         N/A       47%         1
 Cigotuvi's Dreadful Rot  Necr/Alch/Air  0%         N/A       61%         2
 Mercury Vapours          Alch/Air       0%         N/A       61%         2
 Momentum Strike          Conj/Tloc      0%         3d8       61%         2
 Sublimation of Blood     Necr           0%         N/A       61%         2
 Confusing Touch          Hex            0%         N/A       83%         3
 Frozen Ramparts          Ice            0%         1d1       83%         3
 Hailstorm                Conj/Ice       0%         3d5       83%         3
 Mephitic Cloud           Conj/Alch/Air  0%         N/A       83%         3
 Ozocubu's Armour         Ice            0%         N/A       83%         3
 Tukima's Dance           Hex            0%         N/A       83%         3
 Vampiric Draining        Necr           0%         2d6       83%         3
 Airstrike                Air            0%         2d(0-16)  99%         4
 Anguish                  Hex/Necr       0%         N/A       99%         4
 Cause Fear               Hex            0%         N/A       99%         4
 Petrify                  Alch/Erth      0%         N/A       99%         4
 Vhi's Electric Charge    Tloc/Air       0%         N/A       99%         4
 Arcjolt                  Conj/Air       0%         1d10      100%        5
 Curse of Agony           Necr           0%         N/A       100%        5
 Freezing Cloud           Conj/Ice/Air   0%         6-21      100%        5
 Irradiate                Conj/Alch      0%         3d11      100%        5
 Metabolic Englaciation   Hex/Ice        0%         N/A       100%        5
 Plasma Beam              Fire/Air       0%         2x1d10    100%        6
 Sculpt Simulacrum        Ice/Alch       0%         N/A       100%        6
 Chain Lightning          Conj/Air       0%         N/A       100%        9


Dungeon Overview and Level Annotations

Branches:
Dungeon (11/15)            Temple (0/1) D:6            Lair (5/5) D:11
  Swamp (4/4) Lair:3       Spider (0/4) Lair:3        Slime (0/5) Lair:5
    Orc (2/2) D:10            Elf (1/3) Orc:2       Ossuary (visited)
Gauntlet (visited)

Altars:
Ashenzari
Cheibriados
Fedhas
Hepliaklqana
Kikubaaqudgha
Makhleb
Nemelex Xobeh
Qazlal
Sif Muna
Uskayaw
Wu Jian
Xom
The Shining One
Lugonu

Shops:
D:3 (   D:4 =   D:5 *(?*[   Orc:2 [!?:

Portals:
Abyss: Lair:5


Innate Abilities, Weirdness & Mutations

You are a tree.
Your roots penetrate the ground, keeping you stationary.
You cannot be teleported.
You are immune to unholy pain and torment.
Your maximum health is greatly increased.
Your equipment is partially melded.
You can wield a second weapon in your off-hand.
It takes a long time for you to wield or remove held weapons.
Your first few attacks do less damage.
((You cannot equip rings or amulets.))
A frigid envelope surrounds you and freezes all who hurt you.
You are weak. (Str -2)
Your spells are a little harder to cast, but a little more powerful.


Message History

You feel very sick.
The +4 halberd of venom hits your deep elf zephyrmancer zombie!!
Your deep elf zephyrmancer zombie is destroyed!
A red film seems to cover your vision as you go berserk!
You feel yourself moving faster!
You feel mighty!
You feel very sick.
You feel a strong urge to attack something.
You feel sick.
The +4 halberd of venom is engulfed in blazing flames.
You feel sick.
You are too injured to fight recklessly!
You are too injured to fight recklessly!
You hit the fire elemental with the +9 sword of Zonguldrok.
The fire elemental is lightly damaged.
You puncture the fire elemental with the +10 rapier of Ambiguity!
Your weapon exudes an aura of protection.
You feel sick. The fire elemental hits you. The fire elemental burns you!
You resist.
* * * LOW HITPOINT WARNING * * *
The fire elemental is very cold.
The fire elemental is frozen!
The fire elemental is heavily damaged.
You puncture the fire elemental with the +10 rapier of Ambiguity!
The fire elemental is severely damaged.
You closely miss the fire elemental with the +9 sword of Zonguldrok.
You feel sick.
The +4 halberd of venom is engulfed in blazing flames.
The +4 halberd of venom hits you but does no damage.
You closely miss the fire elemental with the +9 sword of Zonguldrok.
The fire elemental is severely damaged.
You hit the fire elemental with the +10 rapier of Ambiguity.
You feel sick. The fire elemental hits you. The fire elemental burns you!
You resist.
* * * LOW HITPOINT WARNING * * *
The fire elemental is very cold.
The fire elemental is frozen!
You destroy the fire elemental!
The fire elemental disappears in a puff of smoke!
The +4 halberd of venom is engulfed in blazing flames.
The +4 halberd of venom hits you but does no damage.
You are too berserk!
You die...

.. ...(...######
.#######.........#
.............# #.#
.##..##..##e.# #.#
.##..##e○##.°###.#
.[......e°☼..○...#
........).)...(..#
.###....##ß..##§.#
.# #....###..##.♣#
.####?.## #.....##
...##### .......
...( ....##.# ....
....##.# ...# ..
.. .### . # .. .##
.. #. .ß##....


You could see a deep elf pyromancer and a +4 halberd of venom.

Vanquished Creatures
  A tentacled monstrosity (Swamp:3)
  Gastronok (Lair:2)
  Aizul (Swamp:2)
  A fenstrider witch (Swamp:3)
  An azure jelly (Swamp:4)
  A deep elf elementalist (Elf:1)
  3 bunyips
  3 deep elf annihilators (Elf:1)
  9 eleionomae
  A dire elephant (Gauntlet)
  Josephine (D:10)
  3 ice dragons (Swamp:4)
  9 ghost crabs
  10 hydras
  A catoblepas (Lair:3)
  6 alligators
  2 boulder beetles
  A two-headed ogre (D:11)
  3 dancing weapons
  2 thrashing horrors (Lair:5)
  2 death yaks (D:11)
  3 orc high priests (Orc:2)
  4 deep elf knights (Elf:1)
  A skyshark (Lair:3)
  Amaemon (D:10)
  2 bunyip zombies (Swamp:2)
  5 goliath frogs
  8 spriggan druids
  A spriggan simulacrum (Swamp:2)
  10 bog bodies
  3 swamp dragons
  A deep elf archer (Elf:1)
  3 bunyip skeletons (Swamp:2)
  4 deep elf pyromancers
  A thermic dynamo (Orc:2)
  6 deep elf zephyrmancers (Elf:1)
  A necromancer (Swamp:3)
  5 orc knights
  4 ugly things (Lair:5)
  5 will-o-the-wisps
  6 orc sorcerers
  A manticore (D:11)
  Maurice (D:10)
  A cyclops (D:11)
  A worldbinder (Gauntlet)
  6 kobold blastminers
  20 elephants
  5 apocalypse crabs (Swamp:1)
  A black mamba (Lair:3)
  An orange demon (D:10)
  2 smoke demons (Lair:5)
  A rime drake (Lair:4)
  An unseen horror (D:11)
  Maggie (D:10)
  A kobold demonologist (D:11)
  9 komodo dragons
  15 cane toads
  5 freezing wraiths
  Psyche (D:9)
  2 trolls (D:11)
  2 bloated husks
  31 blink frogs
  A raiju (shapeshifter) (Lair:5)
  5 tyrant leeches
  A raiju (Lair:5)
  5 hornets
  2 dream sheep (Lair:4)
  3 centaur simulacra (Gauntlet)
  A jumping spider (Lair:3)
  4 wraiths
  48 yaks
  14 spriggans
  4 wyverns
  2 ynoxinuls (Lair:5)
  7 basilisks
  Grum (D:9)
  A redback (Lair:3)
  3 chaos spawn (Lair:5)
  2 swamp worm simulacra (Swamp:4)
  14 swamp worms
  11 hydra simulacra (Swamp:4)
  11 water moccasins
  Duvessa (D:7)
  2 ice beasts
  16 orc warriors
  A sky beast (D:6)
  A meliai simulacrum (Gauntlet)
  A black bear (D:6)
  4 ogres
  8 small abominations (Lair:5)
  A boggart (Gauntlet)
  24 wolves
  2 centaurs
  3 phantoms
  3 kobold brigands
  An elf zombie (Ossuary)
  A gnoll sergeant (D:9)
  3 scorpions
  16 bullfrogs
  10 wights
  Dowan (D:7)
  24 killer bees
  6 howler monkeys
  A bombardier beetle (D:4)
  5 hounds
  A wyvern simulacrum (Gauntlet)
  A gnoll bouda (D:8)
  4 jellies
  21 orc priests
  2 scrub nettles (Lair:4)
  3 iguanas
  22 orc wizards
  5 scorpion zombies (Ossuary)
  3 mummies (Ossuary)
  16 gnolls
  6 adders
  2 shadow imps
  2 white imps
  4 swamp drake simulacra (Swamp:4)
  2 adder zombies (Ossuary)
  A dart slug (D:2)
  45 orcs
  7 bats
  7 endoplasms
  6 giant cockroaches
  2 goblins
  4 hobgoblins
  20 kobolds
  7 quokkas
  7 ball pythons
  4 frilled lizards
  A gnoll zombie (Ossuary)
  5 jackal zombies (Ossuary)
  3 kobold zombies (Ossuary)
  6 rats
738 creatures vanquished.

Vanquished Creatures (collateral kills)
  A bunyip (Swamp:1)
  A minotaur (Gauntlet)
  A catoblepas (Lair:2)
  A ghost crab (Swamp:1)
  A boulder beetle (Lair:1)
  An alligator (Swamp:4)
  A thrashing horror (Lair:5)
  A spriggan druid (Swamp:3)
  A bunyip skeleton (Swamp:2)
  An ugly thing (D:10)
  A will-o-the-wisp (Swamp:4)
  4 elephants
  A smoke demon (Lair:5)
  A komodo dragon (Lair:2)
  A tyrant leech (Swamp:2)
  A queen bee (Lair:1)
  A hornet (Swamp:3)
  7 blink frogs
  3 dream sheep (Lair:4)
  A spriggan (Swamp:3)
  A spriggan zombie (Swamp:1)
  5 yaks
  A swamp worm simulacrum (Swamp:4)
  A basilisk (Lair:5)
  A swamp worm (Swamp:1)
  4 hydra simulacra (Swamp:4)
  A swamp drake (Swamp:3)
  An orc warrior (Orc:1)
  An apocalypse crab zombie (Swamp:1)
  A wolf (Lair:1)
  2 bullfrogs
  4 wights
  7 killer bees (Lair:1)
  A basilisk zombie (Lair:5)
  2 gnolls
  A swamp drake simulacrum (Swamp:4)
  8 orcs
  A kobold (D:9)
74 creatures vanquished.

Vanquished Creatures (others)
  A thorn hunter (Swamp:4)
  A bunyip zombie (Swamp:1)
  A goliath frog zombie (Swamp:2)
  A necromancer (Swamp:2)
  7 swamp worm zombies
  A bloated husk (Swamp:4)
  3 hydra zombies
  An ice dragon zombie (Swamp:4)
  A tyrant leech zombie (Swamp:3)
  A yak (D:10)
  5 cane toad zombies
  An elephant zombie (Lair:2)
  A dream sheep zombie (Lair:4)
  A hornet zombie (Swamp:2)
  4 elf zombies (Elf:1)
  A manticore zombie (D:11)
  2 blink frog zombies
  3 komodo dragon zombies
  2 water moccasin zombies
  A cyclops zombie (D:11)
  3 wyvern zombies
  3 spriggan zombies
  12 yak zombies
  11 wolf zombies (Lair:1)
  A centaur zombie (D:9)
  A bullfrog zombie (Lair:1)
  A boggart zombie (Gauntlet)
  An orc wizard (Orc:2)
  8 killer bee zombies
  A human zombie (D:10)
  A hound zombie (D:5)
  A swamp drake zombie (Swamp:3)
  46 orc zombies
  A gnoll zombie (D:9)
  4 kobold zombies
  12 foxfires
146 creatures vanquished.

Grand Total: 958 creatures vanquished

Notes
Turn   | Place    | Note
-------+----------+-------------------------------------------
     0 | D:1      | ooops the Coglin Gladiator began the quest for the Orb.
     0 | D:1      | Reached XP level 1. HP: 16/16 MP: 1/1
    35 | D:1      | Got the Parchment of Inquiry
   177 | D:1      | Reached XP level 2. HP: 22/22 MP: 2/2
   636 | D:2      | Reached XP level 3. HP: 27/27 MP: 3/3
  1084 | D:2      | Reached skill level 1 in Armour
  1189 | D:2      | Reached XP level 4. HP: 32/33 MP: 4/4
  1429 | D:3      | Noticed a +0 great mace
  1434 | D:3      | Found Foastrayss's Weapon Boutique.
  1434 | D:3      | Noticed a +0 bardiche
  1592 | D:3      | Reached skill level 4 in Long Blades
  1737 | D:3      | Found a glowing golden altar of the Shining One.
  1796 | D:3      | Reached skill level 1 in Short Blades
  1796 | D:3      | Reached XP level 5. HP: 35/38 MP: 5/5
  1851 | D:3      | Found a broken altar of Ashenzari.
  1986 | D:3      | Found a snail-covered altar of Cheibriados.
  2151 | D:4      | Found Iwamaos's Jewellery Emporium.
  2209 | D:4      | Reached XP level 6. HP: 40/46 MP: 6/6
  2216 | D:4      | Reached skill level 5 in Long Blades
  2265 | D:4      | Found a sand-covered staircase.
  2275 | Ossuary  | Entered an ossuary
  2495 | Ossuary  | Reached XP level 7. HP: 44/51 MP: 7/7
  2660 | Ossuary  | Reached skill level 6 in Long Blades
  3126 | D:4      | Found a shimmering blue altar of Sif Muna.
  3126 | D:4      | Found a hazy altar of Hepliaklqana.
  3126 | D:4      | Found the +9 sword of Zonguldrok {reap}
  3134 | D:4      | Found a burning altar of Makhleb.
  3134 | D:4      | Found a blossoming altar of Fedhas.
  3135 | D:4      | Found an ornate altar of the Wu Jian Council.
  3135 | D:4      | Found a stormy altar of Qazlal.
  3136 | D:4      | Found an ancient bone altar of Kikubaaqudgha.
  3153 | D:4      | Became a worshipper of the Wu Jian Council
  3254 | D:4      | Found a shimmering altar of Xom.
  3625 | D:5      | Entered Level 5 of the Dungeon
  3733 | D:5      | Found Ahiemp's Weapon Emporium.
  3862 | D:5      | Identified the ring of Donn {Dex+3 Slay+4}
  3920 | D:5      | Found Voqyen's Assorted Antiques.
  3928 | D:5      | Bought a faintly glowing chain mail for 209 gold pieces
  3928 | D:5      | Identified the +0 chain mail "Qabiluri" {^Drain Will++
                  | Str+2 Int+3} (You bought it in a shop on level 5 of the
                  | Dungeon)
  3964 | D:5      | Found Qisu's Magic Scroll Shoppe.
  4061 | D:5      | Reached XP level 8. HP: 57/59 MP: 8/8
  4074 | D:5      | Found Koxoesem's General Store.
  4561 | D:5      | Found Vopt's Antique Armour Boutique.
  4732 | D:6      | Reached skill level 7 in Long Blades
  4732 | D:6      | Reached skill level 1 in Stealth
  4948 | D:6      | Reached XP level 9. HP: 67/67 MP: 9/9
  4949 | D:6      | Reached * piety under Wu Jian
  4950 | D:6      | Reached skill level 8 in Long Blades
  4953 | D:6      | Reached skill level 5 in Fighting
  5408 | D:6      | Found a staircase to the Ecumenical Temple.
  5700 | D:7      | Noticed Dowan
  5701 | D:7      | Noticed Duvessa
  5707 | D:7      | Killed Duvessa
  5709 | D:7      | Killed Dowan
  6375 | D:7      | Reached skill level 9 in Long Blades
  6662 | D:8      | Reached skill level 5 in Armour
  6693 | D:8      | Reached ** piety under Wu Jian
  7130 | D:9      | Noticed Grum
  7141 | D:9      | Reached skill level 10 in Long Blades
  7141 | D:9      | Reached XP level 10. HP: 39/76 MP: 10/10
  7143 | D:9      | Killed Grum
  7373 | D:9      | Found a hide-covered altar of Uskayaw.
  7451 | D:9      | Noticed Psyche
  7460 | D:9      | Killed Psyche
  7826 | D:9      | Found a sparkling altar of Nemelex Xobeh.
  8200 | D:10     | Entered Level 10 of the Dungeon
  8209 | D:10     | Reached skill level 11 in Long Blades
  8306 | D:10     | Found a staircase to the Orcish Mines.
  8361 | D:10     | Reached *** piety under Wu Jian
  8475 | D:10     | Noticed Maurice
  8477 | D:10     | Maurice stole a +2 falchion of holy wrath
  8486 | D:10     | Something stole 32 poisoned darts
  8487 | D:10     | Killed Maurice
  8563 | D:10     | Noticed Maggie
  8588 | D:10     | Killed Maggie
  8759 | D:10     | Reached XP level 11. HP: 86/86 MP: 11/11
  8767 | D:10     | Noticed a green ugly thing
  8777 | D:10     | Killed a green ugly thing
  8803 | D:10     | Noticed Josephine
  8814 | D:10     | Killed Josephine
  8815 | D:10     | Reached skill level 5 in Short Blades
  9047 | D:10     | Your ally Maggie died
  9053 | D:10     | Reached skill level 12 in Long Blades
  9226 | D:10     | Noticed Amaemon
  9232 | D:10     | Killed Amaemon
  9345 | D:11     | Noticed a manticore
  9358 | D:11     | Killed a manticore
  9649 | D:11     | Noticed a cyclops
  9653 | D:11     | Killed a cyclops
  9718 | D:11     | Found a staircase to the Lair.
  9718 | D:11     | Noticed a death yak
  9718 | D:11     | Noticed a death yak
  9724 | D:11     | Reached **** piety under Wu Jian
  9733 | D:11     | Killed a death yak
  9755 | D:11     | Killed a death yak
  9756 | D:11     | Reached skill level 13 in Long Blades
  9758 | D:11     | Reached XP level 12. HP: 82/95 MP: 12/12
  9820 | Lair:1   | Entered Level 1 of the Lair of Beasts
 10195 | Lair:1   | Reached ***** piety under Wu Jian
 10373 | Lair:1   | Reached skill level 10 in Fighting
 10487 | D:11     | Reached skill level 14 in Long Blades
 10689 | D:11     | Noticed a two-headed ogre
 10693 | D:11     | Killed a two-headed ogre
 11039 | D:5      | Bought a scroll of enchant armour for 97 gold pieces
 11039 | D:5      | Bought a scroll of identify for 26 gold pieces
 11039 | D:5      | Bought a scroll of identify for 26 gold pieces
 11039 | D:5      | Bought a scroll of enchant armour for 97 gold pieces
 11059 | D:5      | Bought a potion of berserk rage for 50 gold pieces
 11059 | D:5      | Bought a scroll of identify for 20 gold pieces
 11059 | D:5      | Bought a scroll of teleportation for 30 gold pieces
 11678 | Lair:1   | Noticed a boulder beetle
 11687 | Lair:1   | Killed a boulder beetle
 11688 | Lair:1   | Reached XP level 13. HP: 96/104 MP: 13/13
 11804 | Lair:2   | Found a gate leading to a gauntlet.
 11813 | Gauntlet | Entered a Gauntlet
 11813 | Gauntlet | Found a transporter.
 11813 | Gauntlet | Found a transporter.
 11828 | Gauntlet | Found a transporter.
 11828 | Gauntlet | Found a transporter.
 11852 | Gauntlet | Found a transporter.
 11870 | Gauntlet | Found a transporter.
 12016 | Gauntlet | Found a transporter.
 12016 | Gauntlet | Found a transporter.
 12019 | Gauntlet | Found a transporter.
 12029 | Gauntlet | Found a runed translucent gate.
 12030 | Gauntlet | Found a runed translucent gate.
 12031 | Gauntlet | Found a runed translucent gate.
 12049 | Gauntlet | Noticed a dire elephant
 12050 | Gauntlet | Found a transporter.
 12058 | Gauntlet | Found a transporter.
 12072 | Gauntlet | Killed a dire elephant
 12278 | Gauntlet | Identified the -1 cloak of Somewhere Else {Str-4 Dex+5
                  | Stlth+}
 12284 | Gauntlet | Found a transporter.
 12291 | Gauntlet | Identified the +10 rapier of Ambiguity {protect, rN+ Will+
                  | Stlth+}
 12291 | Gauntlet | Noticed a minotaur
 12306 | Gauntlet | Killed a minotaur
 12531 | Gauntlet | Identified the +0 troll leather armour "Amururety" {Regen+
                  | MP+9 Str+4}
 12819 | Lair:2   | Reached skill level 15 in Long Blades
 13035 | Lair:2   | Noticed Gastronok
 13051 | Lair:2   | Killed Gastronok
 13547 | Lair:2   | Reached ****** piety under Wu Jian
 13804 | Lair:3   | Reached XP level 14. HP: 113/113 MP: 14/14
 13804 | Lair:3   | Acquired an actuated whirligig {Rampage Acrobat rF+ rC+}
 14100 | Orc:1    | Entered Level 1 of the Orcish Mines
 14214 | Orc:1    | Reached skill level 16 in Long Blades
 14678 | Orc:2    | Entered Level 2 of the Orcish Mines
 14690 | Orc:2    | Found a staircase to the Elven Halls.
 15081 | Orc:2    | Found Guale's Armour Emporium.
 15150 | Orc:2    | Reached skill level 5 in Dodging
 15549 | Orc:2    | Found Kinn's Distillery.
 15549 | Orc:2    | Found Joufated's Book Boutique.
 15549 | Orc:2    | Found Ixzicigify's Magic Scroll Boutique.
 16350 | Orc:2    | Bought a scroll of acquirement for 780 gold pieces
 16377 | Elf:1    | Entered Level 1 of the Elven Halls
 16378 | Elf:1    | Noticed a deep elf annihilator
 16379 | Elf:1    | Noticed a deep elf annihilator
 16642 | Lair:3   | Found a staircase to the Swamp.
 16764 | Lair:3   | Found a hole to the Spider Nest.
 17520 | Lair:4   | Gained mutation: A frigid envelope surrounds you and
                  | freezes all who hurt you. [potion of mutation]
 17520 | Lair:4   | Gained mutation: You are weak. (Str -2) [potion of
                  | mutation]
 17520 | Lair:4   | Gained mutation: Your spells are a little harder to cast,
                  | but a little more powerful. [potion of mutation]
 17560 | Lair:4   | Reached XP level 15. HP: 61/122 MP: 15/15
 17570 | Lair:4   | Acquired 1138 gold pieces
 18159 | Lair:5   | Entered Level 5 of the Lair of Beasts
 18197 | Lair:5   | Found a staircase to the Slime Pits.
 18405 | Lair:5   | Reached skill level 10 in Short Blades
 18414 | Lair:5   | Reached skill level 10 in Armour
 18677 | Lair:5   | Found a corrupted altar of Lugonu.
 18677 | Lair:5   | Found a one-way gate to the infinite horrors of the Abyss.
 19304 | Swamp:1  | Entered Level 1 of the Swamp
 19488 | Swamp:1  | Got Sif Muna's Quarto of the Prime Serac
 19516 | Swamp:1  | Identified the blade talisman of Etzaof {rN+}
 19707 | Swamp:1  | Found a runed translucent door.
 19711 | Swamp:1  | Reached skill level 17 in Long Blades
 19748 | Swamp:1  | You fall into a shaft and drop 1 floor!
 20060 | Swamp:2  | Reached XP level 16. HP: 117/132 MP: 16/16
 20095 | Swamp:2  | Acquired a manual of Dodging
 20133 | Swamp:2  | Reached skill level 5 in Stealth
 20454 | Swamp:2  | Got the Quarto of Hexes
 21505 | Swamp:2  | Identified the serpent talisman "Nuriuwuze" {rElec Str+4}
 21505 | Swamp:2  | Noticed Aizul
 21730 | Swamp:2  | Killed Aizul
 22049 | Swamp:2  | Reached skill level 15 in Fighting
 22109 | Swamp:2  | Found an ancient bone altar of Kikubaaqudgha.
 22117 | Swamp:2  | Got the Verses on Caskets
 22237 | Swamp:3  | Noticed a tentacled monstrosity
 22247 | Swamp:3  | Killed a tentacled monstrosity
 22560 | Swamp:3  | Noticed a fenstrider witch
 22590 | Swamp:3  | Killed a fenstrider witch
 23305 | Swamp:4  | Entered Level 4 of the Swamp
 23444 | Swamp:4  | Noticed a thorn hunter
 23447 | Swamp:4  | Killed a thorn hunter
 23650 | Swamp:4  | Reached XP level 17. HP: 142/144 MP: 17/17
 24325 | Swamp:4  | Got a decaying rune of Zot
 24680 | D:5      | Bought smoking fire dragon scales for 2145 gold pieces
 24680 | D:5      | Identified the +8 fire dragon scales of Modesty {rF++ rC-
                  | rN+ Stlth+} (You bought it in a shop on level 5 of the
                  | Dungeon)
 24888 | Orc:2    | HP: 4/124 [+3 flail of protection (13)]
 25601 | Elf:1    | HP: 7/144 [poisoned by a +4 halberd of venom]
 25606 | Elf:1    | HP: 9/324 [poisoned by a +4 halberd of venom]
 25608 | Elf:1    | HP: 1/324 [fire elemental[a deep elf pyromancer] (4)]
 25609 | Elf:1    | Succumbed to a +4 halberd of venom's poison

Illustrated notes

Levels and vault maps discovered:
D:1:      dpeg_arrival_tiny_a, layout_rooms
D:2:      layout_basic
D:3:      layout_basic, nicolae_tso_carved_into_rock,
          mainiacjoe_overflow_chevrons, marbit_many_paths, serial_shops,
          nicolae_shop_mannequins
D:4:      layout_basic, grunt_temple_overflow_open, lemuel_doored_altar,
          serial_shops, shop, nicolae_ossuary_entry_monument
D:5:      layout_layer_cave, serial_shops, shop, shop, nicolae_shop_statue_plus,
          shop, nicolae_shop_just_a_little_nook
D:6:      layout_basic
D:7:      layout_cave_pods, serial_co_window_serial, co_window_of_opportunity_a,
          co_window_of_opportunity_a, co_window_corner_a, co_window_paths_a,
          co_window_paths_b, co_window_corner_a, co_window_corner_a,
          co_window_paths_a, co_window_of_opportunity_a, co_window_broadway_c,
          co_window_unsneaky_path_a, co_window_corner_cb, co_window_corner_b,
          co_window_cross_3, co_window_corner_b, co_window_paths_e,
          glass_columns_a, glass_columns_a, glass_columns_b, glass_columns_a,
          uniq_duvessa
D:8:      layout_cave_pools
D:9:      layout_irregular_city, nemelex_xobeh_ov_fountains_minmay,
          nicolae_overflow_crystal_walls, minivault_25, uniq_psyche, uniq_grum
D:10:     layout_roguey, orc_0_dummy, special_room [special_room_orc],
          uniq_maurice, uniq_maggie, uniq_amaemon, uniq_josephine
D:11:     layout_basic, dpeg_lair_monsters, serial_shops,
          nicolae_shop_pleasant_corner_grove, kennysheep_nub
Lair:1:   layout_roguey, special_room [special_room_bee], lemuel_fruit_tree
Lair:2:   layout_layer_cave, gauntlet_entry_generic, serial_bayou_pond_a,
          minivault_27, nicolae_lair_grazing_beasts
          [nicolae_sub_lair_graze_edge, nicolae_sub_lair_graze_edge,
          nicolae_sub_lair_graze_edge, nicolae_sub_lair_graze_edge],
          infiniplex_staircase_pool_2, uniq_gastronok
Lair:3:   layout_gridlike, swamp_mist, spider_nest_entry_rubble,
          grunt_forest_large_clearing_hut
Lair:4:   layout_roguey, chequers_serial_rivers_micro_c, evilmike_ambush
          [evilmike_ambush_outer_doors, evilmike_ambush_inner_cross],
          serial_bayou_shore_b, grunt_megastairs_2, infiniplex_staircase_pool
Lair:5:   hellmonk_lair_end_abyssal_woods, layout_misc_corridors, slime_entry_1,
          minivault_27
Swamp:1:  gammafunk_mikee_crab_dinner, layout_basic_swamp,
          nicolae_swamp_long_stream
Swamp:2:  layout_basic_swamp, evilmike_swamp_ruin_rubble_2, beargit_kiku_chapel,
          uniq_aizul
Swamp:3:  nicolae_swamp_standing_stones, layout_basic_swamp,
          evilmike_swamp_ruin_house_4, swamp_pool_1_2
Swamp:4:  swamp_icy, layout_basic_swamp
Orc:1:    layout_caves
Orc:2:    st_orc_elflike, layout_caves, nicolae_orc_crystal_seam
Elf:1:    layout_loops_ring, nicolae_elf_blasts_and_bolts

Skill      XL: |  1  2  3  4  5  6  7  8  9 10 11 12 13 14 15 16 17 |
---------------+----------------------------------------------------+-----
Throwing       | 2 |  2.1
Dodging        | 3 4 5 7 8 |  8.0
Armour         | 1 2 3 4 5 6 7 8 9 10 12 | 12.5
Long Blades    | 4 5 6 7 10 11 13 14 15 16 17 | 17.0
Short Blades   | 1 2 3 4 5 6 7 9 11 | 11.2
Fighting       | 3 4 6 7 9 10 11 12 13 16 | 16.9
Stealth        | 1 2 4 5 6 |  6.3
Evocations     | |  0.2

Action                     |  1- 3 |  4- 6 |  7- 9 | 10-12 | 13-15 | 16-18 || total
---------------------------+-------+-------+-------+-------+-------+-------++-------
  Melee: Long sword        |    63 |   143 |    78 |       |       |       ||   284
         Dagger            |    55 |   129 |    66 |   322 |    37 |       ||   609
         Double sword      |       |       |   156 |   383 |   689 |   443 ||  1671
         Short sword       |       |       |   133 |    14 |       |       ||   147
         Rapier            |       |       |       |       |   621 |   429 ||  1050
  Throw: Throwing net      |       |       |       |       |       |     1 ||     1
         Javelin           |       |       |       |       |       |     1 ||     1
Ability: Lunge             |       |       |    23 |    37 |   111 |    58 ||   229
         Whirlwind         |       |       |     1 |     2 |    17 |     7 ||    27
         Invent Gizmo      |       |       |       |       |     1 |       ||     1
         Wall Jump         |       |       |       |       |     1 |       ||     1
  Evoke: Wand              |       |       |       |       |       |     1 ||     1
    Use: Potion            |       |       |     1 |       |     3 |    16 ||    20
         Scroll            |       |       |     9 |    10 |    11 |    12 ||    42
   Stab: Paralysed         |       |       |       |     3 |       |       ||     3
         Distracted        |       |       |       |     4 |     4 |     6 ||    14
         Confused          |       |       |       |     1 |     1 |       ||     2
         Petrifying        |       |       |       |       |     2 |       ||     2
         Sleeping          |       |       |       |       |     7 |     1 ||     8
 Armour: Scale mail        |    45 |   148 |    78 |       |       |       ||   271
         Leather armour    |     2 |       |       |       |       |       ||     2
         Chain mail        |       |       |   104 |   288 |   383 |   351 ||  1126
         Fire dragon scale |       |       |       |       |       |    61 ||    61
         Skin              |       |       |       |       |       |     6 ||     6
  Dodge: Dodged            |    31 |   106 |    90 |   154 |   234 |   196 ||   811

Table legend: (Time is in decaauts)
 A = Elapsed time spent in this place.
 B = Non-inter-level travel time spent in this place.
 C = Inter-level travel time spent in this place.
 D = Time resting spent in this place.
 E = Time spent auto-exploring this place.
 F = Levels seen in this place.
 G = Mean time per level.
                   A        B        C        D        E       F      G
               +--------+--------+--------+--------+--------+-----+--------+
         Total |  25430 |  22734 |   2696 |   1327 |  17583 |  25 | 1017.2 |
       Dungeon |  10987 |   9019 |   1968 |      8 |   7700 |  11 |  998.8 |
          Lair |   5238 |   4941 |    297 |      0 |   4033 |   5 | 1047.6 |
         Swamp |   5229 |   4939 |    290 |    668 |   3471 |   4 | 1307.2 |
  Orcish Mines |   2135 |   1998 |    137 |    404 |   1276 |   2 | 1067.5 |
   Elven Halls |    376 |    374 |      2 |      2 |    248 |   1 |  376.0 |
       Ossuary |    682 |    682 |      0 |    245 |    296 |   1 |  682.0 |
      Gauntlet |    779 |    779 |      0 |      0 |    558 |   1 |  779.0 |
               +--------+--------+--------+--------+--------+-----+--------+

Top non-repeatable levels by time:
 Swamp:2: 1920 daAuts
   Orc:2: 1559 daAuts
     D:5: 1442 daAuts
     D:6: 1414 daAuts
     D:9: 1282 daAuts
    D:10: 1268 daAuts
  Lair:2: 1239 daAuts
 Swamp:3: 1129 daAuts
 Swamp:1: 1089 daAuts
 Swamp:4: 1089 daAuts
     D:7: 1084 daAuts
  Lair:1: 1063 daAuts
  Lair:5: 1059 daAuts
    D:11: 1022 daAuts
  Lair:4: 982 daAuts
